Predators vs Rangers

Created - 23 mars 2016 at 23:39

Goals
1 2 3 T
Predators 1 2 1 4
Rangers 0 0 3 3
Shots
1 2 3 T
Predators 7 16 12 35
Rangers 9 5 15 29

1st period

1. Predators , Kris Vernarsky 16 (Alexander Edler, Josef Vasicek) at 8:01 (PP)

Penalties :
Mike Cammalleri (NYR) for Hooking (Minor) at 6:33, Patrice Bergeron (NYR) for Hooking (Minor) at 11:08, Chris Kelly (Nas) for Boarding (Minor) at 15:48

2nd period

2. Predators , Adam Burish 18 (Alexander Ovechkin, Frans Nielsen) at 3:26
3. Predators , Alexander Ovechkin 37 (Frans Nielsen, Maxime Daigneault) at 7:12 (PP)

Penalties :
Stephen Weiss (NYR) for Tripping (Minor) at 7:02, Adam Burish (Nas) for Tripping (Minor) at 12:58

3rd period

4. Predators , Adam Burish 19 (Alexander Ovechkin) at 10:07
5. Rangers , Cam Barker 11 (Stephen Weiss, Milan Lucic) at 15:15 (PP)
6. Rangers , Jakob Silfverberg 11 (Matt Greene) at 16:29
7. Rangers , Jakob Silfverberg 12 (Milan Lucic, Mark Fistric) at 17:23 (SH)

Penalties :
Frans Nielsen (Nas) for Delaying the game (Minor) at 6:15, Adam Burish (Nas) for Hooking (Minor) at 14:59, Stephen Weiss (NYR) for Hooking (Minor) at 17:15

Goalie Stats

Maxime Daigneault (Nas), 26 saves from 29 shots - (0,897), W, 26-15-4, 60:00 minutes
Henrik Lundqvist (NYR), 31 saves from 35 shots - (0,886), L, 13-23-5, 59:52 minutes

Players Stats for Predators

Player Name              G  A  P  +/- PIM S  H  SB GA TA FO     MP     PP MP  PK MP  
------------------------------------------------------------------------------------
Adam Burish              2  0  2   1  4   3  0  0  0  1  0/0    20:56   2:41   0:00 
Alexander Edler          0  1  1  -2  0   6  0  2  1  0  0/0    24:29   3:08   3:38 
Alexander Ovechkin       1  2  3   1  0   4  0  1  1  0  3/6    24:50   2:41   4:02 
Alexander Steen          0  0  0  -1  0   2  0  1  2  1  0/0    16:15   0:00   1:02 
Andrei Markov            0  0  0   1  0   0  0  0  0  0  0/0    14:56   0:00   0:00 
Barret Jackman           0  0  0   1  0   1  1  0  0  0  0/0    15:01   2:28   2:35 
Brett Clark              0  0  0   1  0   2  0  1  1  2  0/0    18:13   0:00   2:35 
Bryan Berard             0  0  0   1  0   2  0  1  0  0  0/0    11:44   2:28   0:00 
Chris Kelly              0  0  0  -1  2   4  0  0  0  0  5/12   10:54   0:00   1:08 
Eric Nystrom             0  0  0   0  0   1  5  0  0  0  0/1    19:37   2:55   2:17 
Erik Rasmussen           0  0  0   0  0   0  1  0  0  0  4/6     6:08   0:00   0:24 
Frans Nielsen            0  2  2   1  2   4  2  0  0  0  21/36  23:26   2:41   2:29 
John Moore               0  0  0   0  0   0  0  0  0  0  0/0     5:34   0:00   0:00 
Josef Vasicek            0  1  1  -1  0   0  2  0  2  0  1/1    13:47   2:55   1:04 
Kris Vernarsky           1  0  1   0  0   1  3  0  0  3  9/13   17:44   2:55   0:00 
Michael Grabner          0  0  0   0  0   1  1  0  0  0  0/0    14:22   0:00   0:00 
Ryan Keller              0  0  0   0  0   0  0  0  0  1  0/0     5:44   0:00   0:00 
Ryan Mcdonagh            0  0  0  -2  0   4  2  4  0  1  0/0    30:03   3:08   3:38 

Players Stats for Rangers

Player Name              G  A  P  +/- PIM S  H  SB GA TA FO     MP     PP MP  PK MP  
------------------------------------------------------------------------------------
Alexei Emelin            0  0  0   0  0   0  0  0  0  1  0/0    10:37   0:00   0:00 
Bryan Young              0  0  0   0  0   0  0  0  0  2  0/0     2:42   0:00   0:00 
Cam Barker               1  0  1   0  0   3  2  2  2  1  0/0    29:54   3:22   3:34 
Chris Bourque            0  0  0   0  0   1  0  0  1  0  0/0    14:50   0:00   1:11 
Drew Stafford            0  0  0  -1  0   1  1  1  0  0  1/1    18:58   3:28   0:00 
Igor Radulov             0  0  0   0  0   0  0  1  0  0  0/1     6:05   0:00   0:36 
Jakob Silfverberg        2  0  2   1  0   5  4  0  2  1  0/1    15:43   0:00   2:17 
Mark Fistric             0  1  1   0  0   1  1  2  0  0  0/0    27:12   3:22   3:34 
Matt Greene              0  1  1   0  0   2  1  0  1  0  0/0    19:29   2:51   2:02 
Matt Read                0  0  0   0  0   1  0  0  0  0  0/1    16:28   2:45   0:00 
Mike Cammalleri          0  0  0   0  2   2  2  0  0  0  0/0    17:08   2:45   0:41 
Milan Lucic              0  2  2   0  0   4  1  1  0  2  5/10   27:06   3:28   3:15 
Patrice Bergeron         0  0  0   0  2   1  1  1  1  0  4/15   17:32   2:45   1:02 
Radek Bonk               0  0  0   0  0   0  2  1  0  0  5/11   13:49   0:00   0:12 
Ryan Suter               0  0  0   0  0   1  2  2  0  0  0/0    19:29   2:51   2:02 
Staffan Kronwall         0  0  0   0  0   0  4  0  0  0  0/0    10:37   0:00   0:00 
Stephen Weiss            0  1  1  -1  4   7  2  0  0  0  16/33  21:23   3:28   1:58 
Valtteri Filppula        0  0  0   0  0   0  1  0  2  0  1/2     5:18   0:00   0:00 

3 Stars

1 - Jakob Silfverberg (NYR)
2 - Alexander Ovechkin (Nas)
3 - Adam Burish (Nas)

Power Play

Predators - 2 on 4 Attempt(s) - 50,00%
Rangers - 1 on 4 Attempt(s) - 25,00%

Penalty Kill

Predators - 3 on 4 Attempt(s) - 75,00% - Score 0 goal in Penalty Kill
Rangers - 2 on 4 Attempt(s) - 50,00% - Score 1 goal in Penalty Kill

Team Stat

Predators - Hits : 17 - Faceoff Wins : 43 - Blocked Shots : 10 - Penalty Minutes : 8
Rangers - Hits : 24 - Faceoff Wins : 32 - Blocked Shots : 11 - Penalty Minutes : 8

Official

Referees : LaRue Dennis and Furlatt Eric
Linesman : Brian Mach and Mike Cvik

Game Notes

No Game Note

Finance

Level 1 -- Attendance: 4086 (68,10%) -- Ticket Income 367 740 $
Level 2 -- Attendance: 3700 (74,00%) -- Ticket Income 203 500 $
Level 3 -- Attendance: 1811 (90,55%) -- Ticket Income 54 330 $
Level 4 -- Attendance: 3866 (96,65%) -- Ticket Income 77 320 $
Luxury Box -- Attendance: 771 (77,10%) -- Ticket Income 134 925 $
Game was played at the Madison Square Garden.
Total Attendance: 14234 (79,08%)
Total Ticket Income: 837 815 $
Other Income: 125 672 $
Total Income: 963 487 $

Predators

5 vs 5 Forward 
   Center                   Left Wing                Right Wing               Time % Phy DF OF 
 1 Frans Nielsen            Alexander Ovechkin       Adam Burish              40     2   1  2  
 2 Kris Vernarsky           Eric Nystrom             Michael Grabner          30     2   1  2  
 3 Chris Kelly              Alexander Steen          Josef Vasicek            20     1   2  2  
 4 Erik Rasmussen           Alexander Steen          Ryan Keller              10     1   2  2  

5 vs 5 Defense 
   Defense                  Defense                                           Time % Phy DF OF 
 1 Alexander Edler          Ryan Mcdonagh                                     40     1   2  2  
 2 Andrei Markov            Brett Clark                                       30     1   2  2  
 3 Bryan Berard             Barret Jackman                                    20     1   2  2  
 4 John Moore               Ryan Mcdonagh                                     10     1   2  2  

PowerPlay Forward 
   Center                   Left Wing                Right Wing               Time % Phy DF OF 
 1 Frans Nielsen            Alexander Ovechkin       Adam Burish              60     1   2  2  
 2 Kris Vernarsky           Eric Nystrom             Josef Vasicek            40     1   2  2  

PowerPlay Defense
   Defense                  Defense                                           Time % Phy DF OF 
 1 Ryan Mcdonagh            Alexander Edler                                   60     1   2  2  
 2 Bryan Berard             Barret Jackman                                    40     1   2  2  

Penalty Kill 4 Players Forward 
   Center                   Wing                     Time % Phy DF OF 
 1 Frans Nielsen            Alexander Ovechkin       60     1   2  2  
 2 Josef Vasicek            Eric Nystrom             40     1   2  2  

Penalty Kill 4 Players Defense
   Defense                  Defense                  Time % Phy DF OF 
 1 Alexander Edler          Ryan Mcdonagh            60     1   2  2  
 2 Brett Clark              Barret Jackman           40     1   2  2  

Penalty Kill - 3 Players Forward 
   Forward                                           Time % Phy DF OF 
 1 Frans Nielsen                                     60     1   2  2  
 2 Josef Vasicek                                     40     1   2  2  

Penalty Kill - 3 Players Defense
   Defense                  Defense                  Time % Phy DF OF 
 1 Alexander Edler          Ryan Mcdonagh            60     1   2  2  
 2 Brett Clark              Barret Jackman           40     1   2  2  

4 vs 4 Forward 
   Center                   Wing                     Time % Phy DF OF 
 1 Frans Nielsen            Alexander Ovechkin       60     1   2  2  
 2 Alexander Steen          Adam Burish              40     1   2  2  

4 vs 4 Defense
   Defense                  Defense                  Time % Phy DF OF 
 1 Ryan Mcdonagh            Alexander Edler          60     1   2  2  
 2 Bryan Berard             Barret Jackman           40     1   2  2  

Last Minutes Offensive
   Center                   Left Wing                Right Wing               Defense                  Defense                  
   Frans Nielsen            Alexander Ovechkin       Adam Burish              Alexander Edler          Ryan Mcdonagh            

Last Minutes Defensive
   Center                   Left Wing                Right Wing               Defense                  Defense                  
   Frans Nielsen            Alexander Ovechkin       Adam Burish              Alexander Edler          Ryan Mcdonagh            

Goaltenders
Starting : Maxime Daigneault        
Backup : Steve Mason              

Extra Forwards
Normal : Kris Vernarsky, Josef Vasicek, Alexander Steen - PP : Kris Vernarsky, Josef Vasicek - PK : Eric Nystrom
Extra Defensemen
Normal : Barret Jackman, Bryan Berard, Brett Clark - PP : Barret Jackman - PK : Bryan Berard, Brett Clark
Penalty Shots
Alexander Ovechkin, Frans Nielsen, Alexander Steen, Adam Burish, Kris Vernarsky

Rangers

5 vs 5 Forward 
   Center                   Left Wing                Right Wing               Time % Phy DF OF 
 1 Stephen Weiss            Milan Lucic              Drew Stafford            40     1   2  2  
 2 Patrice Bergeron         Mike Cammalleri          Matt Read                30     1   2  2  
 3 Radek Bonk               Chris Bourque            Jakob Silfverberg        20     1   2  2  
 4 Valtteri Filppula        Igor Radulov             Milan Lucic              10     1   2  2  

5 vs 5 Defense 
   Defense                  Defense                                           Time % Phy DF OF 
 1 Cam Barker               Mark Fistric                                      40     1   2  2  
 2 Matt Greene              Ryan Suter                                        30     1   2  2  
 3 Staffan Kronwall         Alexei Emelin                                     20     1   2  2  
 4 Bryan Young              Cam Barker                                        10     1   2  2  

PowerPlay Forward 
   Center                   Left Wing                Right Wing               Time % Phy DF OF 
 1 Stephen Weiss            Milan Lucic              Drew Stafford            60     1   2  2  
 2 Patrice Bergeron         Mike Cammalleri          Matt Read                40     1   2  2  

PowerPlay Defense
   Defense                  Defense                                           Time % Phy DF OF 
 1 Cam Barker               Mark Fistric                                      60     1   2  2  
 2 Matt Greene              Ryan Suter                                        40     1   2  2  

Penalty Kill 4 Players Forward 
   Center                   Wing                     Time % Phy DF OF 
 1 Milan Lucic              Stephen Weiss            60     1   2  2  
 2 Patrice Bergeron         Mike Cammalleri          40     1   2  2  

Penalty Kill 4 Players Defense
   Defense                  Defense                  Time % Phy DF OF 
 1 Cam Barker               Mark Fistric             60     1   2  2  
 2 Matt Greene              Ryan Suter               40     1   2  2  

Penalty Kill - 3 Players Forward 
   Forward                                           Time % Phy DF OF 
 1 Milan Lucic                                       60     1   2  2  
 2 Stephen Weiss                                     40     1   2  2  

Penalty Kill - 3 Players Defense
   Defense                  Defense                  Time % Phy DF OF 
 1 Cam Barker               Mark Fistric             60     1   2  2  
 2 Matt Greene              Ryan Suter               40     1   2  2  

4 vs 4 Forward 
   Center                   Wing                     Time % Phy DF OF 
 1 Milan Lucic              Stephen Weiss            60     1   2  2  
 2 Patrice Bergeron         Mike Cammalleri          40     1   2  2  

4 vs 4 Defense
   Defense                  Defense                  Time % Phy DF OF 
 1 Cam Barker               Mark Fistric             60     1   2  2  
 2 Matt Greene              Ryan Suter               40     1   2  2  

Last Minutes Offensive
   Center                   Left Wing                Right Wing               Defense                  Defense                  
   Stephen Weiss            Milan Lucic              Drew Stafford            Cam Barker               Mark Fistric             

Last Minutes Defensive
   Center                   Left Wing                Right Wing               Defense                  Defense                  
   Stephen Weiss            Milan Lucic              Drew Stafford            Cam Barker               Mark Fistric             

Goaltenders
Starting : Henrik Lundqvist         
Backup : Hannu Toivonen           

Extra Forwards
Normal : Radek Bonk, Valtteri Filppula, Jakob Silfverberg - PP : Radek Bonk, Valtteri Filppula - PK : Jakob Silfverberg
Extra Defensemen
Normal : Staffan Kronwall, Alexei Emelin, Bryan Young - PP : Staffan Kronwall - PK : Alexei Emelin, Bryan Young
Penalty Shots
Milan Lucic, Stephen Weiss, Patrice Bergeron, Mike Cammalleri, Drew Stafford

% Time on Ice - Predators

Lines # - Real PCT - Wanted PCT - Time Play
Normal Forward
1 - 37% - 40% - 17:33
2 - 30% - 30% - 14:23
3 - 21% - 20% - 9:47
4 - 12% - 10% - 5:44
Normal Defense
1 - 37% - 40% - 17:43
2 - 31% - 30% - 14:55
3 - 19% - 20% - 9:15
4 - 12% - 10% - 5:34
PP Forward
1 - 48% - 60% - 2:41
2 - 52% - 40% - 2:55
PP Defense
1 - 56% - 60% - 3:08
2 - 44% - 40% - 2:28
PK Forward
1 - 83% - 60% - 5:09
2 - 17% - 40% - 1:04
PK Defense
1 - 58% - 60% - 3:38
2 - 42% - 40% - 2:35
PK3 Forward
1 - 0% - 60%
2 - 0% - 40%
PK3 Defense
1 - 0% - 60%
2 - 0% - 40%
44 Forward
1 - 0% - 60%
2 - 0% - 40%
44 Defense
1 - 0% - 60%
2 - 0% - 40%
Last Minute Offensive  - 0:00
Last Minute Defensive  - 0:44
Total
Forward - 60:00
Defense - 60:00

% Time on Ice - Rangers

Lines # - Real PCT - Wanted PCT - Time Play
Normal Forward
1 - 33% - 40% - 15:40
2 - 29% - 30% - 13:43
3 - 28% - 20% - 13:26
4 - 11% - 10% - 5:03
Normal Defense
1 - 42% - 40% - 19:57
2 - 31% - 30% - 14:36
3 - 22% - 20% - 10:37
4 - 6% - 10% - 2:42
PP Forward
1 - 56% - 60% - 3:28
2 - 44% - 40% - 2:45
PP Defense
1 - 54% - 60% - 3:22
2 - 46% - 40% - 2:51
PK Forward
1 - 77% - 60% - 4:19
2 - 23% - 40% - 1:17
PK Defense
1 - 64% - 60% - 3:34
2 - 36% - 40% - 2:02
PK3 Forward
1 - 0% - 60%
2 - 0% - 40%
PK3 Defense
1 - 0% - 60%
2 - 0% - 40%
44 Forward
1 - 0% - 60%
2 - 0% - 40%
44 Defense
1 - 0% - 60%
2 - 0% - 40%
Last Minute Offensive  - 0:19
Last Minute Defensive  - 0:00
Total
Forward - 60:00
Defense - 60:00

Play by Play

1st period


0:01 of 1st period - Frans Nielsen wins face-off versus Stephen Weiss in neutral zone.
0:04 of 1st period - Slapshot by Alexander Ovechkin.
0:04 of 1st period - Shot Misses the Net.
0:12 of 1st period - Slapshot by Stephen Weiss.
0:12 of 1st period - Deflect By Alexander Edler.
0:12 of 1st period - Shot Misses the Net.
0:12 of 1st period - Puck is out of play.
0:13 of 1st period - Kris Vernarsky wins face-off versus Patrice Bergeron in Predators zone.
0:28 of 1st period - Snap shot by Mike Cammalleri.
0:28 of 1st period - Stopped by Maxime Daigneault with a rebound.
1:07 of 1st period - Icing by Stephen Weiss.
1:08 of 1st period - Stephen Weiss wins face-off versus Erik Rasmussen in Rangers zone.
1:08 of 1st period - Stephen Weiss is hit by Erik Rasmussen.
1:30 of 1st period - Wrist shot by Stephen Weiss.
1:30 of 1st period - Shot Misses the Net.
1:32 of 1st period - Slapshot by Matt Greene.
1:32 of 1st period - Shot Misses the Net.
1:34 of 1st period - Slapshot by Matt Greene.
1:34 of 1st period - Shot Blocked by Ryan Mcdonagh.
1:36 of 1st period - Snap shot by Milan Lucic.
1:36 of 1st period - Shot Blocked by Alexander Steen.
1:38 of 1st period - Slapshot by Ryan Suter.
1:38 of 1st period - Stopped by Maxime Daigneault without a rebound.
1:39 of 1st period - Frans Nielsen wins face-off versus Patrice Bergeron in Predators zone.
1:49 of 1st period - Off-side.
1:50 of 1st period - Valtteri Filppula wins face-off versus Kris Vernarsky in neutral zone.
2:05 of 1st period - Snap shot by Kris Vernarsky.
2:05 of 1st period - Deflect By Michael Grabner.
2:05 of 1st period - Stopped by Henrik Lundqvist with a rebound.
2:15 of 1st period - John Moore is hit by Staffan Kronwall and loses puck.
2:55 of 1st period - Off-side.
2:56 of 1st period - Milan Lucic wins face-off versus Kris Vernarsky in neutral zone.
3:01 of 1st period - Wrist shot by Stephen Weiss.
3:01 of 1st period - Stopped by Maxime Daigneault with a rebound.
3:50 of 1st period - Slapshot by Chris Bourque.
3:50 of 1st period - Stopped by Maxime Daigneault with a rebound.
4:27 of 1st period - Off-side.
4:28 of 1st period - Stephen Weiss wins face-off versus Frans Nielsen in neutral zone.
4:41 of 1st period - Off-side.
4:42 of 1st period - Frans Nielsen wins face-off versus Patrice Bergeron in neutral zone.
4:47 of 1st period - Slapshot by Adam Burish.
4:47 of 1st period - Shot Misses the Net.
4:49 of 1st period - Slapshot by Brett Clark.
4:49 of 1st period - Shot Misses the Net.
4:51 of 1st period - Slapshot by Alexander Ovechkin.
4:51 of 1st period - Stopped by Henrik Lundqvist without a rebound.
4:52 of 1st period - Frans Nielsen wins face-off versus Milan Lucic in Rangers zone.
5:07 of 1st period - Andrei Markov is hit by Staffan Kronwall and loses puck.
5:26 of 1st period - Snap shot by Kris Vernarsky.
5:26 of 1st period - Shot Misses the Net.
5:28 of 1st period - Wrist shot by Eric Nystrom.
5:28 of 1st period - Stopped by Henrik Lundqvist without a rebound.
5:29 of 1st period - Radek Bonk wins face-off versus Chris Kelly in Rangers zone.
5:36 of 1st period - Ryan Mcdonagh is hit by Jakob Silfverberg and loses puck.
6:24 of 1st period - Ryan Suter is hit by Kris Vernarsky and loses puck.
6:33 of 1st period - Minor Penalty to Mike Cammalleri for Hooking.
6:34 of 1st period - Milan Lucic wins face-off versus Frans Nielsen in Rangers zone.
6:59 of 1st period - Stephen Weiss is hit by Kris Vernarsky and loses puck.
7:16 of 1st period - Snap shot by Jakob Silfverberg.
7:16 of 1st period - Shot Blocked by Ryan Mcdonagh.
7:24 of 1st period - Matt Greene is hit by Eric Nystrom and loses puck.
7:59 of 1st period - Slapshot by Alexander Edler.
7:59 of 1st period - Shot Blocked by Patrice Bergeron.
8:01 of 1st period - Snap shot by Kris Vernarsky.
8:01 of 1st period - Goal by Kris Vernarsky - Predators : 1 - Rangers : 0.
8:02 of 1st period - Radek Bonk wins face-off versus Frans Nielsen in neutral zone.
8:28 of 1st period - Barret Jackman is hit by Milan Lucic and loses puck.
8:39 of 1st period - Backhand shot by Stephen Weiss.
8:39 of 1st period - Deflect By Milan Lucic.
8:39 of 1st period - Stopped by Maxime Daigneault with a rebound.
9:00 of 1st period - Icing by Milan Lucic.
9:01 of 1st period - Kris Vernarsky wins face-off versus Valtteri Filppula in Rangers zone.
9:28 of 1st period - Slapshot by Patrice Bergeron.
9:28 of 1st period - Shot Misses the Net.
9:30 of 1st period - Slapshot by Matt Greene.
9:30 of 1st period - Stopped by Maxime Daigneault without a rebound.
9:31 of 1st period - Chris Kelly wins face-off versus Patrice Bergeron in Predators zone.
9:31 of 1st period - Chris Kelly is hit by Patrice Bergeron.
10:19 of 1st period - Ryan Mcdonagh is hit by Radek Bonk and loses puck.
10:40 of 1st period - Wrist shot by Alexander Steen.
10:40 of 1st period - Shot Misses the Net.
11:08 of 1st period - Minor Penalty to Patrice Bergeron for Hooking.
11:09 of 1st period - Stephen Weiss wins face-off versus Frans Nielsen in Rangers zone.
11:24 of 1st period - Snap shot by Milan Lucic.
11:24 of 1st period - Deflect By Stephen Weiss.
11:24 of 1st period - Stopped by Maxime Daigneault without a rebound.
11:25 of 1st period - Milan Lucic wins face-off versus Frans Nielsen in Predators zone.
12:00 of 1st period - Slapshot by Alexander Edler.
12:00 of 1st period - Shot Blocked by Cam Barker.
12:32 of 1st period - Slapshot by Stephen Weiss.
12:32 of 1st period - Stopped by Maxime Daigneault with a rebound.
13:08 of 1st period - Penalty to Patrice Bergeron is over, Patrice Bergeron is back on ice.
14:02 of 1st period - John Moore is hit by Radek Bonk and loses puck.
15:48 of 1st period - Minor Penalty to Chris Kelly for Boarding.
15:49 of 1st period - Frans Nielsen wins face-off versus Stephen Weiss in Predators zone.
16:17 of 1st period - Wrist shot by Patrice Bergeron.
16:17 of 1st period - Shot Misses the Net.
16:19 of 1st period - Wrist shot by Matt Greene.
16:19 of 1st period - Deflect By Matt Read.
16:19 of 1st period - Stopped by Maxime Daigneault without a rebound.
16:20 of 1st period - Frans Nielsen wins face-off versus Stephen Weiss in Predators zone.
16:44 of 1st period - Barret Jackman is hit by Mike Cammalleri and loses puck.
17:04 of 1st period - Icing by Milan Lucic.
17:05 of 1st period - Stephen Weiss wins face-off versus Erik Rasmussen in Rangers zone.
17:10 of 1st period - Erik Rasmussen is hit by Ryan Suter and loses puck.
17:27 of 1st period - Matt Greene is hit by Eric Nystrom and loses puck.
17:34 of 1st period - Snap shot by Josef Vasicek.
17:34 of 1st period - Shot Misses the Net.
17:48 of 1st period - Penalty to Chris Kelly is over, Chris Kelly is back on ice.
17:56 of 1st period - Wrist shot by Alexander Steen.
17:56 of 1st period - Stopped by Henrik Lundqvist without a rebound.
17:57 of 1st period - Erik Rasmussen wins face-off versus Radek Bonk in Rangers zone.
17:58 of 1st period - Snap shot by Alexander Steen.
17:58 of 1st period - Shot Misses the Net.
18:00 of 1st period - Slapshot by Alexander Edler.
18:00 of 1st period - Deflect By Cam Barker.
18:00 of 1st period - Stopped by Henrik Lundqvist with a rebound.
18:04 of 1st period - Snap shot by Alexander Edler.
18:04 of 1st period - Stopped by Henrik Lundqvist without a rebound.
18:05 of 1st period - Frans Nielsen wins face-off versus Stephen Weiss in Rangers zone.
18:06 of 1st period - Wrist shot by Adam Burish.
18:06 of 1st period - Shot Misses the Net.
18:36 of 1st period - Michael Grabner is hit by Mike Cammalleri and loses puck.
18:53 of 1st period - Chris Kelly is hit by Cam Barker and loses puck.
19:31 of 1st period - Off-side.
19:32 of 1st period - Frans Nielsen wins face-off versus Patrice Bergeron in neutral zone.
Goals for this period are 1 for Predators vs 0 for Rangers.
Shots for this period are 7 for Predators vs 9 for Rangers.

2nd period


0:01 of 2nd period - Stephen Weiss wins face-off versus Frans Nielsen in neutral zone.
0:12 of 2nd period - Slapshot by Stephen Weiss.
0:12 of 2nd period - Shot Misses the Net.
0:14 of 2nd period - Slapshot by Mark Fistric.
0:14 of 2nd period - Stopped by Maxime Daigneault without a rebound.
0:15 of 2nd period - Kris Vernarsky wins face-off versus Stephen Weiss in Predators zone.
0:30 of 2nd period - Slapshot by Stephen Weiss.
0:30 of 2nd period - Stopped by Maxime Daigneault without a rebound.
0:31 of 2nd period - Patrice Bergeron wins face-off versus Frans Nielsen in Predators zone.
0:34 of 2nd period - Slapshot by Patrice Bergeron.
0:34 of 2nd period - Stopped by Maxime Daigneault without a rebound.
0:35 of 2nd period - Patrice Bergeron wins face-off versus Frans Nielsen in Predators zone.
0:40 of 2nd period - Snap shot by Matt Read.
0:40 of 2nd period - Shot Blocked by Alexander Edler.
0:42 of 2nd period - Snap shot by Mike Cammalleri.
0:42 of 2nd period - Deflect By Adam Burish.
0:42 of 2nd period - Stopped by Maxime Daigneault with a rebound.
0:50 of 2nd period - Wrist shot by Alexander Ovechkin.
0:50 of 2nd period - Shot Blocked by Mark Fistric.
1:08 of 2nd period - Slapshot by Ryan Mcdonagh.
1:08 of 2nd period - Stopped by Henrik Lundqvist with a rebound.
1:10 of 2nd period - Slapshot by Ryan Mcdonagh.
1:10 of 2nd period - Shot Misses the Net.
1:12 of 2nd period - Wrist shot by Kris Vernarsky.
1:12 of 2nd period - Deflect By Michael Grabner.
1:12 of 2nd period - Shot Blocked by Drew Stafford.
1:12 of 2nd period - Puck is out of play.
1:13 of 2nd period - Stephen Weiss wins face-off versus Chris Kelly in Rangers zone.
1:43 of 2nd period - Wrist shot by Mike Cammalleri.
1:43 of 2nd period - Shot Misses the Net.
2:09 of 2nd period - Slapshot by Alexander Edler.
2:09 of 2nd period - Stopped by Henrik Lundqvist without a rebound.
2:10 of 2nd period - Kris Vernarsky wins face-off versus Radek Bonk in Rangers zone.
2:23 of 2nd period - Chris Bourque is hit by Kris Vernarsky and loses puck.
2:40 of 2nd period - Wrist shot by Cam Barker.
2:40 of 2nd period - Shot Blocked by Alexander Edler.
2:59 of 2nd period - Slapshot by Alexander Steen.
2:59 of 2nd period - Stopped by Henrik Lundqvist without a rebound.
3:00 of 2nd period - Erik Rasmussen wins face-off versus Patrice Bergeron in Rangers zone.
3:26 of 2nd period - Wrist shot by Alexander Ovechkin.
3:26 of 2nd period - Deflect By Adam Burish.
3:26 of 2nd period - Goal by Adam Burish - Predators : 2 - Rangers : 0.
3:27 of 2nd period - Stephen Weiss wins face-off versus Frans Nielsen in neutral zone.
4:17 of 2nd period - Icing by Ryan Suter.
4:18 of 2nd period - Kris Vernarsky wins face-off versus Patrice Bergeron in Rangers zone.
4:25 of 2nd period - Slapshot by Kris Vernarsky.
4:25 of 2nd period - Shot Misses the Net.
4:45 of 2nd period - Snap shot by Adam Burish.
4:45 of 2nd period - Deflect By Frans Nielsen.
4:45 of 2nd period - Stopped by Henrik Lundqvist without a rebound.
4:46 of 2nd period - Frans Nielsen wins face-off versus Radek Bonk in Rangers zone.
5:09 of 2nd period - Slapshot by Mark Fistric.
5:09 of 2nd period - Shot Blocked by Alexander Ovechkin.
5:20 of 2nd period - Jakob Silfverberg is hit by Frans Nielsen and loses puck.
5:55 of 2nd period - Snap shot by Frans Nielsen.
5:55 of 2nd period - Stopped by Henrik Lundqvist without a rebound.
5:56 of 2nd period - Milan Lucic wins face-off versus Kris Vernarsky in Rangers zone.
6:18 of 2nd period - Icing by Brett Clark.
6:19 of 2nd period - Patrice Bergeron wins face-off versus Chris Kelly in Predators zone.
6:30 of 2nd period - Wrist shot by Mike Cammalleri.
6:30 of 2nd period - Shot Blocked by Brett Clark.
7:02 of 2nd period - Minor Penalty to Stephen Weiss for Tripping.
7:03 of 2nd period - Milan Lucic wins face-off versus Frans Nielsen in Rangers zone.
7:12 of 2nd period - Slapshot by Alexander Ovechkin.
7:12 of 2nd period - Goal by Alexander Ovechkin - Predators : 3 - Rangers : 0.
7:13 of 2nd period - Frans Nielsen wins face-off versus Stephen Weiss in neutral zone.
7:38 of 2nd period - Mark Fistric is hit by Ryan Mcdonagh and loses puck.
7:45 of 2nd period - Snap shot by Kris Vernarsky.
7:45 of 2nd period - Shot Misses the Net.
7:47 of 2nd period - Slapshot by Bryan Berard.
7:47 of 2nd period - Stopped by Henrik Lundqvist with a rebound.
7:49 of 2nd period - Backhand shot by Barret Jackman.
7:49 of 2nd period - Stopped by Henrik Lundqvist with a rebound.
7:51 of 2nd period - Slapshot by Barret Jackman.
7:51 of 2nd period - Shot Blocked by Cam Barker.
8:00 of 2nd period - Mark Fistric is hit by Barret Jackman and loses puck.
8:27 of 2nd period - Snap shot by Alexander Ovechkin.
8:27 of 2nd period - Stopped by Henrik Lundqvist with a rebound.
8:45 of 2nd period - Snap shot by Erik Rasmussen.
8:45 of 2nd period - Shot Blocked by Igor Radulov.
8:47 of 2nd period - Snap shot by Brett Clark.
8:47 of 2nd period - Stopped by Henrik Lundqvist with a rebound.
8:49 of 2nd period - Backhand shot by Brett Clark.
8:49 of 2nd period - Stopped by Henrik Lundqvist without a rebound.
8:50 of 2nd period - Erik Rasmussen wins face-off versus Patrice Bergeron in Rangers zone.
9:13 of 2nd period - Alexander Ovechkin is hit by Ryan Suter and loses puck.
9:38 of 2nd period - Bryan Berard is hit by Drew Stafford and loses puck.
9:47 of 2nd period - Ryan Suter is hit by Eric Nystrom and loses puck.
10:13 of 2nd period - Icing by Matt Read.
10:14 of 2nd period - Frans Nielsen wins face-off versus Igor Radulov in Rangers zone.
11:31 of 2nd period - Alexander Steen is hit by Stephen Weiss and loses puck.
11:39 of 2nd period - Icing by Ryan Mcdonagh.
11:40 of 2nd period - Frans Nielsen wins face-off versus Patrice Bergeron in Predators zone.
12:07 of 2nd period - Bryan Berard is hit by Staffan Kronwall and loses puck.
12:18 of 2nd period - Michael Grabner is hit by Staffan Kronwall and loses puck.
12:35 of 2nd period - Slapshot by Ryan Mcdonagh.
12:35 of 2nd period - Shot Blocked by Radek Bonk.
12:58 of 2nd period - Minor Penalty to Adam Burish for Tripping.
12:59 of 2nd period - Frans Nielsen wins face-off versus Stephen Weiss in Predators zone.
13:15 of 2nd period - Wrist shot by Milan Lucic.
13:15 of 2nd period - Stopped by Maxime Daigneault with a rebound.
13:52 of 2nd period - Icing by Ryan Suter.
13:53 of 2nd period - Josef Vasicek wins face-off versus Stephen Weiss in Rangers zone.
14:58 of 2nd period - Penalty to Adam Burish is over, Adam Burish is back on ice.
15:16 of 2nd period - Barret Jackman is hit by Matt Greene and loses puck.
15:33 of 2nd period - Alexei Emelin is hit by Josef Vasicek.
15:41 of 2nd period - Milan Lucic is hit by Josef Vasicek and loses puck.
17:00 of 2nd period - Off-side.
17:01 of 2nd period - Radek Bonk wins face-off versus Kris Vernarsky in neutral zone.
17:37 of 2nd period - Snap shot by Matt Read.
17:37 of 2nd period - Shot Misses the Net.
17:51 of 2nd period - Alexander Edler is hit by Stephen Weiss and loses puck.
18:32 of 2nd period - Slapshot by Alexander Edler.
18:32 of 2nd period - Stopped by Henrik Lundqvist without a rebound.
18:33 of 2nd period - Patrice Bergeron wins face-off versus Alexander Ovechkin in Rangers zone.
18:46 of 2nd period - Slapshot by Mark Fistric.
18:46 of 2nd period - Shot Blocked by Bryan Berard.
18:51 of 2nd period - Off-side.
18:52 of 2nd period - Kris Vernarsky wins face-off versus Radek Bonk in neutral zone.
19:38 of 2nd period - Snap shot by Chris Kelly.
19:38 of 2nd period - Stopped by Henrik Lundqvist with a rebound.
19:40 of 2nd period - Slapshot by Chris Kelly.
19:40 of 2nd period - Stopped by Henrik Lundqvist without a rebound.
19:41 of 2nd period - Chris Kelly wins face-off versus Matt Read in Rangers zone.
19:44 of 2nd period - Slapshot by Alexander Edler.
19:44 of 2nd period - Stopped by Henrik Lundqvist without a rebound.
19:45 of 2nd period - Frans Nielsen wins face-off versus Stephen Weiss in Rangers zone.
Goals for this period are 2 for Predators vs 0 for Rangers.
Shots for this period are 16 for Predators vs 5 for Rangers.

3rd period


0:01 of 3rd period - Stephen Weiss wins face-off versus Alexander Ovechkin in neutral zone.
0:20 of 3rd period - Cam Barker is hit by Frans Nielsen and loses puck.
0:56 of 3rd period - Ryan Mcdonagh is hit by Jakob Silfverberg and loses puck.
2:03 of 3rd period - Off-side.
2:04 of 3rd period - Erik Rasmussen wins face-off versus Stephen Weiss in neutral zone.
3:13 of 3rd period - Off-side.
3:14 of 3rd period - Stephen Weiss wins face-off versus Chris Kelly in neutral zone.
3:21 of 3rd period - Snap shot by Drew Stafford.
3:21 of 3rd period - Stopped by Maxime Daigneault with a rebound.
3:27 of 3rd period - Snap shot by Chris Kelly.
3:27 of 3rd period - Shot Misses the Net.
3:29 of 3rd period - Snap shot by Chris Kelly.
3:29 of 3rd period - Stopped by Henrik Lundqvist with a rebound.
4:20 of 3rd period - Barret Jackman is hit by Valtteri Filppula and loses puck.
4:45 of 3rd period - Slapshot by Chris Kelly.
4:45 of 3rd period - Stopped by Henrik Lundqvist without a rebound.
4:46 of 3rd period - Chris Kelly wins face-off versus Patrice Bergeron in Rangers zone.
5:02 of 3rd period - Icing by Brett Clark.
5:03 of 3rd period - Radek Bonk wins face-off versus Chris Kelly in Predators zone.
5:04 of 3rd period - Wrist shot by Chris Bourque.
5:04 of 3rd period - Shot Misses the Net.
5:06 of 3rd period - Snap shot by Jakob Silfverberg.
5:06 of 3rd period - Stopped by Maxime Daigneault without a rebound.
5:07 of 3rd period - Alexander Ovechkin wins face-off versus Jakob Silfverberg in Predators zone.
5:42 of 3rd period - Snap shot by Milan Lucic.
5:42 of 3rd period - Stopped by Maxime Daigneault with a rebound.
5:52 of 3rd period - Snap shot by Michael Grabner.
5:52 of 3rd period - Shot Misses the Net.
5:54 of 3rd period - Snap shot by Josef Vasicek.
5:54 of 3rd period - Shot Blocked by Ryan Suter.
5:56 of 3rd period - Slapshot by Alexander Edler.
5:56 of 3rd period - Stopped by Henrik Lundqvist with a rebound.
5:58 of 3rd period - Wrist shot by Ryan Mcdonagh.
5:58 of 3rd period - Stopped by Henrik Lundqvist with a rebound.
6:00 of 3rd period - Slapshot by Ryan Mcdonagh.
6:00 of 3rd period - Deflect By Matt Read.
6:00 of 3rd period - Stopped by Henrik Lundqvist with a rebound.
6:02 of 3rd period - Wrist shot by Josef Vasicek.
6:02 of 3rd period - Shot Blocked by Ryan Suter.
6:04 of 3rd period - Slapshot by Ryan Mcdonagh.
6:04 of 3rd period - Stopped by Henrik Lundqvist with a rebound.
6:15 of 3rd period - Minor Penalty to Frans Nielsen for Delaying the game.
6:16 of 3rd period - Stephen Weiss wins face-off versus Eric Nystrom in Predators zone.
6:45 of 3rd period - Off-side.
6:46 of 3rd period - Stephen Weiss wins face-off versus Chris Kelly in neutral zone.
7:18 of 3rd period - Ryan Mcdonagh is hit by Cam Barker.
7:58 of 3rd period - Barret Jackman is hit by Mark Fistric and loses puck.
8:15 of 3rd period - Penalty to Frans Nielsen is over, Frans Nielsen is back on ice.
8:38 of 3rd period - Icing by Matt Greene.
8:39 of 3rd period - Radek Bonk wins face-off versus Frans Nielsen in Rangers zone.
9:22 of 3rd period - Off-side.
9:23 of 3rd period - Kris Vernarsky wins face-off versus Patrice Bergeron in neutral zone.
9:32 of 3rd period - Wrist shot by Kris Vernarsky.
9:32 of 3rd period - Shot Blocked by Mark Fistric.
9:34 of 3rd period - Snap shot by Bryan Berard.
9:34 of 3rd period - Stopped by Henrik Lundqvist without a rebound.
9:35 of 3rd period - Alexander Ovechkin wins face-off versus Stephen Weiss in Rangers zone.
9:38 of 3rd period - Snap shot by Alexander Ovechkin.
9:38 of 3rd period - Shot Blocked by Milan Lucic.
9:50 of 3rd period - Wrist shot by Milan Lucic.
9:50 of 3rd period - Stopped by Maxime Daigneault with a rebound.
10:00 of 3rd period - Adam Burish is hit by Jakob Silfverberg and loses puck.
10:07 of 3rd period - Snap shot by Adam Burish.
10:07 of 3rd period - Goal by Adam Burish - Predators : 4 - Rangers : 0.
10:08 of 3rd period - Kris Vernarsky wins face-off versus Stephen Weiss in neutral zone.
10:59 of 3rd period - Josef Vasicek is hit by Jakob Silfverberg and loses puck.
11:04 of 3rd period - Slapshot by Jakob Silfverberg.
11:04 of 3rd period - Stopped by Maxime Daigneault with a rebound.
11:57 of 3rd period - Off-side.
11:58 of 3rd period - Kris Vernarsky wins face-off versus Radek Bonk in neutral zone.
12:17 of 3rd period - Jakob Silfverberg is hit by Michael Grabner and loses puck.
12:28 of 3rd period - Wrist shot by Jakob Silfverberg.
12:28 of 3rd period - Shot Misses the Net.
12:44 of 3rd period - Snap shot by Jakob Silfverberg.
12:44 of 3rd period - Shot Blocked by Ryan Mcdonagh.
13:08 of 3rd period - Radek Bonk is hit by Eric Nystrom and loses puck.
13:46 of 3rd period - Icing by Cam Barker.
13:47 of 3rd period - Frans Nielsen wins face-off versus Radek Bonk in Rangers zone.
13:58 of 3rd period - Snap shot by Jakob Silfverberg.
13:58 of 3rd period - Stopped by Maxime Daigneault without a rebound.
13:59 of 3rd period - Stephen Weiss wins face-off versus Frans Nielsen in Predators zone.
14:29 of 3rd period - Wrist shot by Alexander Steen.
14:29 of 3rd period - Shot Misses the Net.
14:31 of 3rd period - Slapshot by Barret Jackman.
14:31 of 3rd period - Deflect By Josef Vasicek.
14:31 of 3rd period - Shot Misses the Net.
14:31 of 3rd period - Puck is out of play.
14:32 of 3rd period - Chris Kelly wins face-off versus Stephen Weiss in Rangers zone.
14:59 of 3rd period - Minor Penalty to Adam Burish for Hooking.
15:00 of 3rd period - Drew Stafford wins face-off versus Alexander Ovechkin in Predators zone.
15:11 of 3rd period - Backhand shot by Stephen Weiss.
15:11 of 3rd period - Stopped by Maxime Daigneault with a rebound.
15:13 of 3rd period - Slapshot by Cam Barker.
15:13 of 3rd period - Stopped by Maxime Daigneault with a rebound.
15:15 of 3rd period - Slapshot by Cam Barker.
15:15 of 3rd period - Goal by Cam Barker - Predators : 4 - Rangers : 1.
15:16 of 3rd period - Stephen Weiss wins face-off versus Frans Nielsen in neutral zone.
15:28 of 3rd period - Slapshot by Stephen Weiss.
15:28 of 3rd period - Stopped by Maxime Daigneault without a rebound.
15:29 of 3rd period - Stephen Weiss wins face-off versus Frans Nielsen in Predators zone.
15:40 of 3rd period - Snap shot by Stephen Weiss.
15:40 of 3rd period - Stopped by Maxime Daigneault without a rebound.
15:41 of 3rd period - Frans Nielsen wins face-off versus Stephen Weiss in Predators zone.
16:08 of 3rd period - Patrice Bergeron is hit by Eric Nystrom and loses puck.
16:25 of 3rd period - Snap shot by Jakob Silfverberg.
16:25 of 3rd period - Shot Misses the Net.
16:27 of 3rd period - Snap shot by Matt Greene.
16:27 of 3rd period - Deflect By Alexander Steen.
16:27 of 3rd period - Stopped by Maxime Daigneault with a rebound.
16:29 of 3rd period - Slapshot by Matt Greene.
16:29 of 3rd period - Deflect By Jakob Silfverberg.
16:29 of 3rd period - Goal by Jakob Silfverberg - Predators : 4 - Rangers : 2.
16:30 of 3rd period - Chris Kelly wins face-off versus Stephen Weiss in neutral zone.
16:41 of 3rd period - Off-side.
16:42 of 3rd period - Stephen Weiss wins face-off versus Chris Kelly in neutral zone.
16:53 of 3rd period - Snap shot by Milan Lucic.
16:53 of 3rd period - Shot Blocked by Ryan Mcdonagh.
16:55 of 3rd period - Slapshot by Cam Barker.
16:55 of 3rd period - Stopped by Maxime Daigneault without a rebound.
16:56 of 3rd period - Frans Nielsen wins face-off versus Stephen Weiss in Predators zone.
17:13 of 3rd period - Snap shot by Adam Burish.
17:13 of 3rd period - Stopped by Henrik Lundqvist with a rebound.
17:15 of 3rd period - Minor Penalty to Stephen Weiss for Hooking.
17:16 of 3rd period - Alexander Ovechkin wins face-off versus Milan Lucic in Rangers zone.
17:17 of 3rd period - Snap shot by Frans Nielsen.
17:17 of 3rd period - Stopped by Henrik Lundqvist with a rebound.
17:23 of 3rd period - Slapshot by Jakob Silfverberg.
17:23 of 3rd period - Goal by Jakob Silfverberg - Predators : 4 - Rangers : 3.
17:24 of 3rd period - Frans Nielsen wins face-off versus Milan Lucic in neutral zone.
17:26 of 3rd period - Off-side.
17:27 of 3rd period - Frans Nielsen wins face-off versus Milan Lucic in neutral zone.
17:34 of 3rd period - Milan Lucic is hit by Ryan Mcdonagh and loses puck.
19:15 of 3rd period - Penalty to Stephen Weiss is over, Stephen Weiss is back on ice.
19:36 of 3rd period - Icing by Igor Radulov.
19:37 of 3rd period - Frans Nielsen wins face-off versus Milan Lucic in Rangers zone.
19:40 of 3rd period - Wrist shot by Frans Nielsen.
19:40 of 3rd period - Stopped by Henrik Lundqvist without a rebound.
19:41 of 3rd period - Michel Therrien call a timeout for Rangers.
19:41 of 3rd period - Frans Nielsen wins face-off versus Stephen Weiss in Rangers zone.
19:44 of 3rd period - Snap shot by Alexander Ovechkin.
19:44 of 3rd period - Stopped by Henrik Lundqvist without a rebound.
19:45 of 3rd period - Stephen Weiss wins face-off versus Frans Nielsen in Rangers zone.
19:52 of 3rd period - Rangers, Henrik Lundqvist is pulled from the net.
Goals for this period are 1 for Predators vs 3 for Rangers.
Shots for this period are 12 for Predators vs 15 for Rangers.